 Dungeon Crawl Stone Soup version 0.26-b1-32-g5d43845318 (webtiles) character file.

Game seed: 4994167135918371693

4972 Borgoz the Fighter (level 10, 0/90 HPs)
             Began as a Ghoul Gladiator on Jan 13, 2021.
             Was a Priest of Okawaru.
             Slain by Erica
             ... wielding a +0 scimitar of flaming
              (2 damage)
             ... on level 8 of the Dungeon.
             The game lasted 00:13:28 (10057 turns).

Borgoz the Fighter (Ghoul Gladiator)               Turns: 10057, Time: 00:13:29

Health: 0/90       AC: 11    Str: 22    XL:     10   Next: 53%
Magic:  9/9        EV: 17    Int:  3    God:    Okawaru [***...]
Gold:   486        SH:  0    Dex: 18    Spells: 9/9 levels left

rFire    + . .     SeeInvis .   y - +7 battleaxe "Secret Weapon" {venom, Str+2}
rCold    + . .     Faith    .   (shield currently unavailable)
rNeg     + + +     Spirit   .   s - +2 leather armour {rF+}
rPois    ∞         Reflect  .   c - +1 helmet
rElec    .         Harm     .   p - +1 cloak {rPois}
rCorr    .         Rampage  .   (no gloves)
Will     .....                  g - +0 pair of boots
Stlth    +.........             (no amulet)
HPRegen  0.00/turn              k - +4 ring of slaying
MPRegen  0.11/turn              n - +6 ring of dexterity

@: brilliant, slowed, very slow
A: claws 1, cold resistance 1, negative energy resistance 3, inhibited
regeneration, torment resistance, unbreathing
a: Renounce Religion, Heroism


You were on level 8 of the Dungeon.
You worshipped Okawaru.
Okawaru was most pleased with you.
You visited 1 branch of the dungeon, and saw 8 of its levels.
You also visited: Ossuary.

You collected 486 gold pieces.

Inventory:

Hand Weapons
 t - a +2 flail of draining
 y - the +7 battleaxe "Secret Weapon" (weapon) {venom, Str+2}
   (You found it on level 7 of the Dungeon)

   It poisons the flesh of those it strikes.
   It affects your strength (+2).
Missiles
 d - 3 throwing nets (quivered)
Armour
 c - a +1 helmet (worn)
 g - a +0 pair of boots (worn)
 p - a +1 cloak of poison resistance (worn)
 s - a +2 leather armour of fire resistance (worn)
Jewellery
 k - a +4 ring of slaying (left claw)
 n - a +6 ring of dexterity (right claw)
 r - an uncursed ring of flight
 x - a +4 ring of protection
Scrolls
 e - 3 scrolls of enchant weapon
 f - 5 scrolls of teleportation
 i - a scroll of remove curse
 m - 2 scrolls of enchant armour
Potions
 b - a potion of mutation {unknown}
 h - 2 potions of degeneration {unknown}
 j - a potion of haste
 l - 2 potions of flight
 o - 2 potions of resistance
 q - a potion of ambrosia {unknown}
 v - a potion of might
 z - a potion of brilliance


   Skills:
 * Level 8.6 Fighting
 * Level 7.5 Maces & Flails
 - Level 1.7 Throwing
 * Level 6.9 Armour
 * Level 7.5 Dodging


You had 9 spell levels left.
You didn't know any spells.
Your spell library contained the following spells:

 Spells                   Type           Power        Failure   Level
 Summon Small Mammal      Summ           0%           56%         1
 Call Imp                 Summ           0%           71%         2
 Call Canine Familiar     Summ           0%           90%         3
 Summon Guardian Golem    Hex/Summ       0%           90%         3
 Summon Ice Beast         Ice/Summ       0%           100%        4
 Summon Lightning Spire   Summ/Air       0%           100%        4


Dungeon Overview and Level Annotations

Branches:
Dungeon (8/15)             Temple (0/1) D:5            Lair (0/6) D:8
Ossuary (visited)

Altars:
Cheibriados
Dithmenos
Elyvilon
Gozag
Nemelex Xobeh
Okawaru
Qazlal
Ru
Sif Muna
Wu Jian
Xom
Yredelemnul
Zin
Lugonu

Portals:
Abyss: D:4

Annotations:
D:5 1 runed translucent door, denisd0's ghost, amateur OpCj
D:8 Erica


Innate Abilities, Weirdness & Mutations

You thrive by killing the living.
You are immune to poison.
You have sharp fingernails.
Your flesh is cold resistant. (rC+)
You are immune to negative energy. (rN+++)
You do not regenerate when monsters are visible.
You are immune to unholy pain and torment.
You can survive without breathing.


Message History

Okawaru accepts your kill.
You miss something. Something hits you!
* * * LOW HITPOINT WARNING * * *
Something burns you.
* * * LOW HITPOINT WARNING * * *
Something hits you.
* * * LOW HITPOINT WARNING * * *
You miss something. Something hits you but does no damage.
You hear some strange, mumbled words.
You feel as though you will be slow longer.
You miss something. Something hits you.
* * * LOW HITPOINT WARNING * * *
Something hits you.
* * * LOW HITPOINT WARNING * * *
It was a potion of brilliance.
You feel clever all of a sudden. Something hits you!
* * * LOW HITPOINT WARNING * * *
Something burns you.
You die...

. . . #########
#########........
#....)@.........#
.......{.........>
##.#...†.#.#####.
#.###.#.# #. #.#.#
# #.#.# #.#.#
#.#.# #.#.#


There were no monsters in sight!

Vanquished Creatures
  Sigmund (D:3)
  Grum (D:8)
  4 yaks (D:8)
  Menkaure (D:7)
  7 water moccasins
  A black bear (D:8)
  2 ice beasts (D:5)
  3 orc warriors (D:7)
  A phantom (D:7)
  2 ogres
  3 wolves (D:8)
  A centaur (D:8)
  A big kobold (D:7)
  3 elf zombies (Ossuary)
  8 bullfrogs
  A howler monkey (D:7)
  2 centaur zombies
  2 bullfrog zombies
  2 jellies
  3 hounds
  A human zombie (Ossuary)
  5 orc priests
  Crazy Yiuf (D:4)
  6 orc wizards
  A centaur skeleton (D:8)
  2 bullfrog skeletons
  An iguana (D:5)
  4 worker ants
  2 big kobold zombies (Ossuary)
  A hound zombie (D:8)
  3 mummies (Ossuary)
  7 gnolls
  14 adders
  3 shadow imps
  2 white imps
  An ufetubus (D:7)
  2 oozes
  3 adder zombies
  2 adder skeletons
  A worm (D:4)
  4 leopard geckos
  14 orcs
  A ball python (D:1)
  8 bats
  3 giant cockroaches
  7 goblins
  11 hobgoblins
  6 jackals
  2 quokkas
  6 frilled lizards
  4 goblin zombies (Ossuary)
  A jackal skeleton (D:6)
  2 jackal zombies (Ossuary)
  10 kobolds
  3 kobold zombies (Ossuary)
  3 orc zombies (Ossuary)
  7 quokka zombies (Ossuary)
  6 rats
  4 rat zombies (Ossuary)
  A lurking horror (D:4)
214 creatures vanquished.

Vanquished Creatures (others)
  19 fungi
  A lurking horror (D:4)
  30 plants (D:8)
50 creatures vanquished.

Grand Total: 264 creatures vanquished

Notes
Turn   | Place    | Note
-------+----------+-------------------------------------------
     0 | D:1      | Borgoz the Ghoul Gladiator began the quest for the Orb.
     0 | D:1      | Reached XP level 1. HP: 17/17 MP: 0/0
   233 | D:1      | Reached XP level 2. HP: 25/25 MP: 1/1
   708 | D:1      | Reached XP level 3. HP: 21/30 MP: 2/2
   837 | D:1      | Reached skill level 1 in Armour
  1561 | D:2      | Reached skill level 3 in Fighting
  1561 | D:2      | Reached XP level 4. HP: 37/38 MP: 3/3
  1654 | D:2      | You fall into a shaft and drop 1 floor!
  1775 | D:3      | Reached XP level 5. HP: 17/45 MP: 4/4
  2061 | D:3      | Noticed Sigmund
  2071 | D:3      | Killed Sigmund
  2072 | D:3      | Reached skill level 4 in Fighting
  2072 | D:3      | Reached XP level 6. HP: 52/52 MP: 5/5
  2251 | D:3      | Found an opulent altar of Gozag.
  3280 | D:4      | Found a sand-covered staircase.
  3399 | D:4      | Found a one-way gate to the infinite horrors of the Abyss.
  3468 | D:4      | Found a runed translucent door.
  3469 | D:4      | Noticed Crazy Yiuf
  3475 | D:4      | Killed Crazy Yiuf
  3476 | D:4      | Reached XP level 7. HP: 60/60 MP: 6/6
  3525 | Ossuary  | Entered an ossuary
  4149 | Ossuary  | Reached skill level 5 in Fighting
  4508 | D:4      | Reached XP level 8. HP: 68/68 MP: 7/7
  4604 | D:4      | Found a corrupted altar of Lugonu.
  4749 | D:4      | Found a stormy altar of Qazlal.
  5038 | D:5      | Entered Level 5 of the Dungeon
  5082 | D:5      | Reached skill level 5 in Maces & Flails
  5276 | D:5      | Reached skill level 5 in Dodging
  5495 | D:5      | Found a runed translucent door.
  5496 | D:5      | Noticed denisd0's ghost (amateur OpCj)
  5538 | D:5      | Found a sacrificial altar of Ru.
  5694 | D:5      | Found a white marble altar of Elyvilon.
  5694 | D:5      | Found a basalt altar of Yredelemnul.
  5694 | D:5      | Found an ornate altar of the Wu Jian Council.
  5695 | D:5      | Found a shimmering blue altar of Sif Muna.
  5696 | D:5      | Found a glowing silver altar of Zin.
  5696 | D:5      | Found a shadowy altar of Dithmenos.
  5696 | D:5      | Found a snail-covered altar of Cheibriados.
  5696 | D:5      | Found an iron altar of Okawaru.
  5708 | D:5      | Found a staircase to the Ecumenical Temple.
  5790 | D:5      | Became a worshipper of Warmaster Okawaru
  5985 | D:5      | Reached skill level 6 in Fighting
  6555 | D:6      | Reached * piety under Okawaru
  6556 | D:6      | Reached XP level 9. HP: 78/78 MP: 8/8
  6788 | D:6      | Reached skill level 5 in Armour
  7120 | D:6      | Found a shimmering altar of Xom.
  7309 | D:7      | Noticed Menkaure
  7329 | D:7      | Killed Menkaure
  7474 | D:7      | Reached skill level 7 in Fighting
  8970 | D:7      | Found a sparkling altar of Nemelex Xobeh.
  9278 | D:7      | Got a slimy battleaxe
  9285 | D:7      | Identified the +7 battleaxe "Secret Weapon" {venom, Str+2}
                  | (You found it on level 7 of the Dungeon)
  9668 | D:8      | Reached ** piety under Okawaru
  9754 | D:8      | Reached XP level 10. HP: 52/88 MP: 9/9
  9756 | D:8      | Reached skill level 8 in Fighting
  9785 | D:8      | Reached *** piety under Okawaru
  9790 | D:8      | Found a staircase to the Lair.
 10039 | D:8      | Noticed Grum
 10042 | D:8      | Noticed Erica
 10054 | D:8      | Killed Grum
 10057 | D:8      | HP: 2/90 [something (10)]
 10057 | D:8      | Slain by Erica

Illustrated notes

Levels and vault maps discovered:
D:1:      lemuel_arrival_lava_pool, layout_basic, minmay_misc_feat_ornament,
          kennysheep_pointless_box, amethyst_killhole,
          minmay_misc_feat_diagonals
D:2:      layout_loops_corners, grunt_ministairs_5, nrook_uturn,
          minmay_misc_feat_doors
D:3:      layout_loops_ring, nicolae_gozag_cash_rules_everything_around_me,
          grunt_decor_clamped, uniq_sigmund
D:4:      layout_loops_cross, lemuel_doored_altar,
          lightli_ossuary_entry_decrepit_ruins, chequers_serial_rivers_small_3,
          amcnicky_altar_lugonu_corruption, uniq_crazy_yiuf_cottage
D:5:      layout_loops_ring, grunt_temple_overflow_open,
          minmay_temple_entry_proselytizer, hellmonk_ghost_happy_afterlife,
          dk_noncrumbling_4, nicolae_ru_sacrificial_ziggurat
D:6:      layout_loops_ring, tgw_xom
D:7:      layout_basic, nemelex_xobeh_ov_fountains_minmay, columned_hall_lemuel,
          uniq_menkaure
D:8:      lemuel_ice_statue, layout_basic,
          grunt_temple_overflow_lords_of_destruction,
          due_lair_maze_entry_diamond, uniq_erica, uniq_grum

Skill      XL: |  1  2  3  4  5  6  7  8  9 10 |
---------------+-------------------------------+-----
Maces & Flails | 3 4 5 6 7 |  7.5
Dodging        | 3 4 5 6 7 |  7.5
Armour         | 1 2 3 4 6 |  6.9
Fighting       | 3 4 5 6 7 8 |  8.6
Throwing       | |  1.7

Action                   |  1- 3 |  4- 6 |  7- 9 | 10-12 || total
-------------------------+-------+-------+-------+-------++-------
Melee: Flail             |   132 |   115 |   485 |       ||   732
       Whip              |       |       |    26 |       ||    26
       Battleaxe         |       |       |    21 |    35 ||    56
Throw: Throwing net      |       |     5 |     1 |       ||     6
  Use: Scroll            |     4 |     8 |    10 |       ||    22
       Potion            |       |     1 |     6 |     2 ||     9
 Stab: Held in net/web   |       |     1 |     1 |       ||     2
       Sleeping          |       |     1 |     1 |       ||     2
       Distracted        |       |       |     2 |       ||     2
Armor: Leather armour    |    70 |    22 |   177 |    24 ||   293
Dodge: Dodged            |   126 |    69 |   404 |    70 ||   669
Block: Buckler           |       |       |    89 |       ||    89
